 Dungeon Crawl Stone Soup version 0.23-a0-14-g8c9a20f (webtiles) character file.

63 inc the Conjurer (level 3, -1/24 HPs)
             Began as a Mummy Fire Elementalist on Aug 2, 2018.
             Slain by a phantom (9 damage)
             ... on level 4 of the Dungeon.
             The game lasted 00:03:22 (2955 turns).

inc the Conjurer (Mummy Fire Elementalist)          Turns: 2955, Time: 00:03:22

Health: -1/24      AC:  5    Str: 11    XL:     3   Next: 89%
Magic:  0/7        EV: 12    Int: 15    God:
Gold:   164        SH:  0    Dex: 12    Spells: 6/7 levels left

rFire    x . .     SeeInvis .   d - +0 short sword
rCold    + . .     Gourm    .   (no shield)
rNeg     + + +     Faith    .   a - +0 robe
rPois    ∞         Spirit   .   q - +1 helmet
rElec    .         Reflect  .   (no cloak)
rCorr    .         Harm     .   n - +0 pair of gloves
MR       .....                  (no boots)
Stlth    +++.......             (no amulet)
HPRegen  0.08/turn              c - ring of stealth
MPRegen  0.10/turn              (no ring)

@: very slightly contaminated
A: no food or potions, fire vulnerability, cold resistance 1, negative energy
resistance 3, torment resistance, unbreathing
a: no special abilities


You were on level 4 of the Dungeon.
You were not hungry.

You visited 1 branch of the dungeon, and saw 4 of its levels.

You collected 164 gold pieces.

Inventory:

Hand Weapons
 d - a +0 short sword (weapon)
Missiles
 k - 7 poisoned tomahawks (quivered)
Armour
 a - a +0 robe (worn)
 n - a +0 pair of gloves (worn)
 q - a +1 helmet (worn)
Jewellery
 c - a ring of stealth (left hand)
Scrolls
 b - 2 scrolls of enchant armour {unknown}
 e - 2 scrolls of remove curse {unknown}
 g - 3 scrolls of teleportation {unknown}
 h - a scroll of fear {unknown}
 i - 2 scrolls of noise {unknown}
 j - a scroll of enchant weapon {unknown}
 o - 2 scrolls of random uselessness {unknown}
 p - a scroll of identify {unknown}
Potions
 l - a potion of haste {unknown}
 m - 2 potions of flight {unknown}
Comestibles
 f - 9 rations


   Skills:
 - Level 1.5 Dodging
 - Level 1.5 Stealth
 - Level 2.6 Spellcasting
 + Level 3.1 Conjurations
 - Level 2.4 Fire Magic


You had 6 spell levels left.
You knew the following spells:

 Your Spells              Type           Power        Failure   Level  Hunger
a - Flame Tongue          Conj/Fire      ##...        7%          1    N/A

Your spell library contained the following spells:

 Spells                   Type           Power        Failure   Level  Hunger
 Fireball                 Conj/Fire      ##........   88%         5    N/A
 Conjure Flame            Conj/Fire      ##......     21%         3    N/A
 Throw Flame              Conj/Fire      ##....       10%         2    N/A
 Sticky Flame             Conj/Fire      ##......     54%         4    N/A
 Inner Flame              Hex/Fire       #.......     36%         3    N/A

Dungeon Overview and Level Annotations

Branches:
Dungeon (4/15)
 Temple: D:4-7

Altars:
Hepliaklqana
Makhleb
Xom


Innate Abilities, Weirdness & Mutations

You do not eat or drink.
Your flesh is vulnerable to fire.
You are immune to poison.
Your flesh is cold resistant. (rC+)
You are immune to negative energy. (rN+++)
You are immune to unholy pain and torment.
You can survive without breathing.


Message History

Press: ? - help, Shift-Dir - straight line, f/p - phantom
Aim: a phantom (heavily damaged)
The flame tongue hits the phantom.
The phantom is heavily damaged.
The phantom hits you.
* * * LOW HITPOINT WARNING * * *
Casting: Flame Tongue (safe; 7% risk of failure)
Confirm with . or Enter, or press ? or * to list all spells.
You don't have enough magic to cast that spell.
You see here 28 stones.
You see here a jackal corpse.
Casting: Flame Tongue (safe; 7% risk of failure)
Confirm with . or Enter, or press ? or * to list all spells.
Aiming: Flame Tongue (safe; 7% risk of failure)
Press: ? - help, Shift-Dir - straight line, f/p - phantom
Aim: a phantom (heavily damaged)
You miscast Flame Tongue.
You are very lightly contaminated with residual magic.
Heat runs through your body. The phantom hits you!
You die...

#.......#
#.#####.##. #.#####
#. # ##.....#. #. #
#.####.#.##.####
##.##.####.#.......
##..............).
#######..........#
........########@#
#..........# #W#
#.########.# #.#
#.# #<# #(# #.# #.#
#.# #.# #.# #.# #.#
#.#####.# ..#
#<......# #########


You could see a phantom.

Vanquished Creatures
  3 adders
  2 dart slugs (D:2)
  An orc (D:3)
  A giant cockroach (D:2)
  4 hobgoblins
  2 jackals (D:4)
  4 kobolds
  A ball python (D:2)
  5 bats
  2 frilled lizards
  3 goblins
  8 rats
36 creatures vanquished.

Notes
Turn   | Place    | Note
-------+----------+-------------------------------------------
     0 | D:1      | inc the Mummy Fire Elementalist began the quest for the Orb.
     0 | D:1      | Reached XP level 1. HP: 13/13 MP: 4/4
   251 | D:1      | Reached skill level 1 in Conjurations
   980 | D:2      | Found a shimmering altar of Xom.
  1053 | D:2      | Reached XP level 2. HP: 19/19 MP: 0/5
  1205 | D:2      | Reached skill level 2 in Conjurations
  1332 | D:2      | Found a burning altar of Makhleb.
  1824 | D:3      | Reached XP level 3. HP: 7/24 MP: 0/7
  1981 | D:3      | Found a hazy altar of Hepliaklqana.
  2609 | D:4      | Reached skill level 3 in Conjurations
  2656 | D:4      | Noticed a phantom
  2955 | D:4      | Slain by a phantom

Vault maps used:
D:1:      saegor_arrival_simple_b
D:2:      xom_teletrap_fun, lemuel_doored_altar, first_ration,
          kennysheep_generic_room_12
D:3:      nicolae_overflow_hidden_temple
D:4:      minmay_temple_entry_enclosed_plants, roderic_cross_of_infinity

Skill      XL: |  1  2  3 |
---------------+----------+-----
Conjurations   | 1 2 3 |  3.1
Dodging        | |  1.5
Stealth        | |  1.5
Spellcasting   | |  2.6
Fire Magic     | |  2.4

Action                   || total
-------------------------++-------
Melee: Short sword       ||    27
 Cast: Flame Tongue      ||    90
Armor: Robe              ||    10
Dodge: Dodged            ||    47

Table legend:
 A = Spawn XP
 B = Non-spawn XP
 C = Spawn XP percentage of total XP
 D = Spawn monster count
 E = Non-spawn monster count
 F = Spawn count percentage of total count
 G = Total turns spent on level
                    A         B        C        D         E        F      G
               +---------+---------+-------+---------+---------+-------+---------
         Total |       0 |      91 |   0.0 |       0 |      36 |   0.0 |  2955
               +---------+---------+-------+---------+---------+-------+---------
           D:1 |       0 |       8 |   0.0 |       0 |       7 |   0.0 |  1037
           D:2 |       0 |      28 |   0.0 |       0 |      17 |   0.0 |   855
           D:3 |       0 |      38 |   0.0 |       0 |       9 |   0.0 |   777
           D:4 |       0 |      17 |   0.0 |       0 |       3 |   0.0 |   286
               +---------+---------+-------+---------+---------+-------+---------
